 Dungeon Crawl Stone Soup version 0.19.0-11-g3fc08b3 (webtiles) character file.

1526 shinino the Slicer (level 8, 0/48 HPs)
             Began as a Deep Elf Hunter on Nov 9, 2016.
             Slain by an orc
             ... wielding a +2 whip of electrocution
              (11 damage)
             ... on level 6 of the Dungeon.
             The game lasted 00:17:19 (8382 turns).

shinino the Slicer (Deep Elf Hunter)                Turns: 8382, Time: 00:17:20

Health: 0/48       AC: 16    Str: 11    XL:     8   Next: 55%
Magic:  10/10      EV:  9    Int: 17    God:
Gold:   250        SH:  0    Dex: 15    Spells: 0 memorised, 7 levels left

rFire  . . .     SeeInvis .     b - +0 rapier
rCold  . . .     Gourm    .     m - +0 scale mail
rNeg   . . .     Faith    .     (no shield)
rPois  .         Spirit   .     (no helmet)
rElec  .         Reflect  .     x - +0 cloak
rCorr  .         Harm     .     (no gloves)
MR     .....     Rnd*Rage +     (no boots)
Stlth  ..........               (no amulet)
                                y - +4 ring of protection
                                e - +4 ring of protection

@: flying
A: berserk 1
a: no special abilities


You were on level 6 of the Dungeon.
You were very hungry.

You visited 1 branch of the dungeon, and saw 6 of its levels.

You collected 250 gold pieces.

Inventory:

Hand Weapons
 a - a +1 shortbow
 b - a +0 rapier (weapon)
Missiles
 d - 85 arrows
Armour
 m - a +0 scale mail (worn)
 x - a +0 cloak (worn)
Jewellery
 e - a +4 ring of protection (left hand)
 y - a +4 ring of protection (right hand)
Wands
 w - a wand of flame (26/48)
Scrolls
 g - a scroll of fog {unknown}
 h - a scroll of immolation {unknown}
 i - 3 scrolls of teleportation
 n - 2 scrolls of enchant weapon
 p - a scroll of amnesia {unknown}
 s - a scroll of random uselessness {unknown}
 t - a scroll of blinking {unknown}
 v - a scroll of identify
 A - a scroll of remove curse {unknown}
Potions
 j - 2 potions of cancellation
 r - 2 potions of brilliance
Comestibles
 f - 3 bread rations
 l - 6 meat rations
 q - a slice of pizza
 u - a royal jelly


   Skills:
 + Level 3.7 Fighting
 + Level 8.5 Short Blades
 - Level 5.0 Bows
 + Level 3.3 Armour
 - Level 2.4 Dodging
 - Level 1.2 Stealth


You had 7 spell levels left.
You didn't know any spells.

Dungeon Overview and Level Annotations

Branches:
Dungeon (6/15)
 Temple: D:4-7

Altars:
Nemelex Xobeh

Shops:
D:5 [


Innate Abilities, Weirdness & Mutations

You tend to lose your temper in combat.


Message History

You hit the orc.
The orc is heavily wounded.
The orc hits you but does no damage.
You are electrocuted!
* * * LOW HITPOINT WARNING * * *
You are too injured to fight recklessly!
You are too injured to fight recklessly!
You are too injured to fight recklessly!
You are too injured to fight recklessly!
You are too injured to fight recklessly!
You hit the orc but do no damage.
The orc is heavily wounded.
The orc hits you but does no damage.
You closely miss the orc.
The orc is heavily wounded.
The orc closely misses you.
It was a potion of flight.
You feel very buoyant.
You fly up into the air.
The orc hits you but does no damage.
You are electrocuted!
You die...

..
#####.######.<....
r####........#
#.###..
...#.#####..# #.# .
.......##..###.#.#.
#r#.##.##..........
#)#........###.....
#.#####.#.)......#
###.##
#...>...##..####.#
.
######.ro@....##.#
<. #.###..#.##.#
... #.%.....# .....
#.......# .......
##.#.##... .......
#.#.....! ......#
#.####... ...... ..


You could see an orc and a quokka.

Vanquished Creatures
  An ice beast (D:6)
  2 centaurs
  A gnoll sergeant (D:5)
  A bullfrog (D:6)
  5 scorpions
  A howler monkey (D:3)
  A centaur skeleton (D:4)
  A jelly (D:5)
  2 hounds
  4 orc wizards
  2 iguanas
  5 worker ants
  A killer bee zombie (D:5)
  A hound skeleton (D:5)
  13 gnolls
  12 adders
  A shadow imp (D:5)
  An ooze (D:2)
  3 worms
  3 dart slugs
  2 leopard geckos
  16 orcs
  11 bats
  4 giant cockroaches
  5 goblins
  12 hobgoblins
  8 jackals
  2 quokkas
  2 ball pythons (D:2)
  4 frilled lizards
  6 kobolds
  A leopard gecko skeleton (D:6)
  A leopard gecko zombie (D:5)
  5 rats
140 creatures vanquished.

Vanquished Creatures (others)
  A sky beast (D:5)
  A plant (D:1)
2 creatures vanquished.

Grand Total: 142 creatures vanquished

Notes
Turn   | Place    | Note
-------+----------+-------------------------------------------
     0 | D:1      | shinino the Deep Elf Hunter began the quest for the Orb.
     0 | D:1      | Reached XP level 1. HP: 12/12 MP: 3/3
    64 | D:1      | Reached skill level 1 in Short Blades
   150 | D:1      | Reached XP level 2. HP: 16/16 MP: 4/4
   336 | D:1      | Reached skill level 2 in Short Blades
   630 | D:1      | Reached XP level 3. HP: 9/20 MP: 5/5
  1396 | D:2      | Reached skill level 3 in Short Blades
  1646 | D:2      | Reached XP level 4. HP: 16/25 MP: 6/6
  1903 | D:2      | Reached skill level 5 in Bows
  2538 | D:3      | Reached skill level 4 in Short Blades
  2702 | D:3      | Reached XP level 5. HP: 9/29 MP: 7/7
  2938 | D:3      | Found a sparkling altar of Nemelex Xobeh.
  3610 | D:4      | Reached skill level 5 in Short Blades
  3899 | D:4      | Reached XP level 6. HP: 31/34 MP: 8/8
  4333 | D:4      | Reached skill level 6 in Short Blades
  4858 | D:4      | Reached skill level 7 in Short Blades
  4858 | D:4      | Reached XP level 7. HP: 24/38 MP: 9/9
  5028 | D:5      | Entered Level 5 of the Dungeon
  5316 | D:5      | Reached skill level 1 in Armour
  5505 | D:5      | Gained mutation: You tend to lose your temper in combat. [mutagenic meat]
  6027 | D:5      | Found Romuysipt's Antique Armour Shoppe.
  6153 | D:5      | Reached skill level 8 in Short Blades
  6411 | D:5      | Reached XP level 8. HP: 12/45 MP: 10/10
  7907 | D:6      | HP: 3/46 [electric eel/bolt of electricity (11)]
  8324 | D:6      | HP: 2/46 [centaur/wand of lightning (21)]
  8382 | D:6      | Slain by an orc

Skill      XL: |  1  2  3  4  5  6  7  8 |
---------------+-------------------------+-----
Short Blades   | 1 2 3 4 5 7 8 |  8.5
Bows           | 5 |  5.0
Armour         | 2 3 |  3.3
Fighting       | 2 3 |  3.7
Dodging        | |  2.4
Stealth        | |  1.2

Action                   |  1- 3 |  4- 6 |  7- 9 || total
-------------------------+-------+-------+-------++-------
Melee: Short sword       |   107 |       |       ||   107
       Rapier            |    38 |   305 |   307 ||   650
 Fire: Shortbow          |     1 |       |    51 ||    52
  Use: Potion            |       |     7 |     6 ||    13
       Scroll            |       |     4 |     3 ||     7
 Stab: Sleeping          |     2 |       |       ||     2
       Held in net/web   |       |       |     1 ||     1
  Eat: Chunk             |     2 |    11 |    11 ||    24
Armor: Leather armour    |    34 |       |       ||    34
       Ring mail         |    14 |    62 |       ||    76
       Skin              |       |    19 |       ||    19
       Scale mail        |       |    67 |   188 ||   255
Dodge: Dodged            |    91 |   147 |   114 ||   352
